AoeStats
← ZeroFuqsGiven

Black Forest

508535421Analyzed
4v4 RM · 8d ago on Sep 22, 2026· 37m 54s· 8 players
Game mode
Random Map
Map size
Large (8 player)
Population
200
Speed
Normal
Resources
Standard
Victory
Conquest
Starting age
Dark Age
Ending age
Imperial Age
RankedLock teamsTeams togetherTeam positionsShared explorationLock speedFull tech treeHidden civsTurbo modeCheats
Victory
Defeat
🇬🇹 Japanese · Guatemala
842
+12
🇲🇽 Britons · Mexico
803
+14
🇺🇸 Italians · United States
784
+15
🇲🇽 Khmer · Mexico
749
+15
🇨🇴 Bohemians · Colombia
808
-16
🇧🇷 Persians · Brazil
761
-14
🇺🇸 Danes · United States
757
-14
🇦🇷 Byzantines · Argentina
706
-12
d.mazeti
0:26 Loom
12:46 Feudal Age
18:40 Castle Age
18:36 Double-Bit Axe
20:04 Bow Saw
23:04 Wheelbarrow
25:31 Gold Mining
26:07 Stone Mining
29:13 Pikeman
34:38 Forging
37:05 Imperial Age
36:10 Iron Casting
36:23 Bloodlines
36:13 Husbandry
ZeroFuqsGiven
0:30 Loom
13:20 Feudal Age
18:51 Castle Age
16:57 Double-Bit Axe
18:00 Horse Collar
MeisolMLG
0:27 Loom
13:34 Feudal Age
14:01 Horse Collar
14:10 Double-Bit Axe
19:28 Wheelbarrow
23:31 Castle Age
23:25 Padded Archer Armor
23:16 Fletching
24:32 Bow Saw
24:38 Heavy Plow
25:03 Elite Skirmisher
JuaniiHalls
2:27 Loom
10:31 Feudal Age
11:22 Double-Bit Axe
13:42 Wheelbarrow
15:48 Gold Mining
21:13 Castle Age
19:17 Horse Collar
22:02 Stone Mining
26:12 Heavy Plow
28:13 Hand Cart
29:15 Bow Saw
29:49 Stone Shaft Mining
29:53 Gold Shaft Mining
35:33 Imperial Age
33:06 Greek Fire
33:18 Scale Barding Armor
33:14 Scale Mail Armor
33:05 Fletching
33:16 Padded Archer Armor
34:25 Redemption
34:29 Treadmill Crane
34:45 Murder Holes
35:11 Ballistics
37:00 Conscription
36:04 Elite Skirmisher
37:53 Hoardings
38:24 Chemistry
37:33 Husbandry
Laxbrody4
12:07 Feudal Age
12:47 Double-Bit Axe
12:45 Horse Collar
14:20 Fletching
20:53 Castle Age
21:50 Bodkin Arrow
25:01 Scale Barding Armor
25:07 Forging
25:50 Wheelbarrow
26:16 Chain Barding Armor
29:47 Heavy Plow
34:43 Hand Cart
39:39 Imperial Age
RattiestPear556
0:27 Loom
15:07 Feudal Age
22:08 Castle Age
20:46 Man-at-Arms
21:49 Double-Bit Axe
24:42 Murder Holes
24:47 Town Watch
26:23 Fletching
35:10 Horse Collar
36:17 Fervor
38:52 Imperial Age
36:59 Wheelbarrow
37:06 Wheelbarrow
Silver
0:30 Loom
11:57 Feudal Age
12:35 Double-Bit Axe
12:32 Horse Collar
12:46 Stone Mining
12:51 Gold Mining
16:44 Wheelbarrow
20:56 Castle Age
25:08 Imperial Age
23:59 Stone Shaft Mining
26:53 Hand Cart
28:38 Chemistry
29:21 Bow Saw
30:18 Heavy Plow
31:46 Conscription
32:46 Bloodlines
32:37 Husbandry
32:54 Double Crossbow
34:50 Heavy Scorpion
36:53 Scale Barding Armor
36:58 Forging
36:20 Elite Ballista Elephant
36:52 Arson
38:12 Gold Shaft Mining
37:09 Pikeman
37:18 Light Cavalry
La Morte Noire
11:17 Feudal Age
15:57 Castle Age
13:50 Double-Bit Axe
14:24 Horse Collar
15:42 Wheelbarrow
17:48 Bow Saw
18:23 Heavy Plow
24:27 Gold Mining
24:50 Stone Mining
27:16 Gold Shaft Mining
29:39 Imperial Age
27:06 Fletching
27:17 Padded Archer Armor
28:18 Ballistics
28:53 Hand Cart
28:24 Loom
28:45 Bodkin Arrow
29:06 Leather Archer Armor
30:40 Yeomen
30:26 Bracer
30:58 Ring Archer Armor
31:21 Conscription
32:07 Chemistry
31:55 Elite Longbowman
34:28 Two-Man Saw
35:19 Siege Engineers
36:04 Warwolf
36:22 Murder Holes
37:07 Hoardings
Connection lost

Rejoining the realm…

Still unreachable

The connection could not be restored.

Session expired

The server has moved on; the page needs a fresh start.